 Dungeon Crawl Stone Soup version 0.30.1-8-g117510f58f (webtiles) character file.

Game seed: 1025714124210327291

85 arthad the Grasshopper (level 4, -3/39 HPs)
             Began as an Armataur Warper on Sept 22, 2023.
             Killed from afar by a white imp (6 damage)
             ... with a puff of frost
             ... on level 3 of the Dungeon.
             The game lasted 00:02:02 (1683 turns).

arthad the Grasshopper (Armataur Warper)            Turns: 1683, Time: 00:02:03

Health: -3/39      AC:  4    Str: 19    XL:     4   Next: 25%
Magic:  7/7        EV:  9    Int: 13    God:
Gold:   57         SH:  0    Dex:  9    Spells: 3/7 levels left

rFire   . . .        a - +0 mace
rCold   . . .        (no shield)
rNeg    . . .        b - +0 leather armour
rPois   .            (no helmet)
rElec   .            (no cloak)
rCorr   .            (no gloves)
SInv    .            (no barding)
Will    .....        (no amulet)
Stlth   +            (no ring)
HPRegen 0.26/turn    (no ring)
MPRegen 0.10/turn

%: roll
@: no status effects
A: large, rugged brown scales 3, deformed body, armoured tail, roll, long
tongue, awkward tongue
a: no special abilities


You were on level 3 of the Dungeon.
You visited 1 branch of the dungeon, and saw 3 of its levels.

You collected 57 gold pieces.

Inventory:

Hand Weapons
 a - a +0 mace (weapon)
Missiles
 d - 7 boomerangs of dispersal (quivered)
 m - 4 poisoned darts
Armour
 b - a +0 leather armour (worn)
Scrolls
 c - a scroll of blinking
 f - a scroll of enchant armour {unknown}
 h - a scroll of noise {unknown}
 i - 5 scrolls of identify {unknown}
 j - a scroll of butterflies {unknown}
 k - a scroll of poison {unknown}
 n - 2 scrolls of magic mapping {unknown}
Potions
 e - a potion of curing {unknown}
 g - 2 potions of mutation {unknown}
 l - a potion of haste {unknown}
 o - a potion of heal wounds {unknown}


   Skills:
 * Level 2.4 Fighting
 * Level 2.3 Maces & Flails
 + Level 1.3 Throwing
 + Level 1.9 Armour
 + Level 1.9 Dodging
 + Level 2.1 Spellcasting
 + Level 3.2 Translocations


You had 3 spell levels left.
You knew the following spells:

 Your Spells              Type           Power      Damage    Failure   Level
a - Blink                 Tloc           18%        N/A       12%         2
b - Lesser Beckoning      Tloc           18%        N/A       12%         2

Your spell library contained the following spells:

 Spells                   Type           Power      Damage    Failure   Level
 Teleport Other           Tloc           9%         N/A       24%         3
 Vhi's Electric Charge    Tloc/Air       10%        N/A       43%         3
 Manifold Assault         Tloc           9%         N/A       61%         4


Dungeon Overview and Level Annotations

Branches:
Dungeon (3/15)

Altars:

Shops:
D:1 *

Annotations:
D:1 1 transporter


Innate Abilities, Weirdness & Mutations

You are completely covered in rugged brown scales. (AC +3, +7% HP)
Armour fits poorly on your strangely shaped body.
You have a long armoured tail.
You roll when moving toward enemies. (Rampage)
Your long tongue fully drains potion bottles. (2x potion effects)
Your tongue gives you trouble enunciating. (1.5x scroll delay)


Message History

You are too injured to fight recklessly!
You are too injured to fight recklessly!
You are too injured to fight recklessly!
You are too injured to fight recklessly!
You barely miss the worm.
The worm is heavily wounded.
The worm bites you. The white imp barely misses you.
You hit the worm.
The worm is severely wounded.
The white imp hits you but does no damage.
The worm bites you but does no damage.
You hit the worm but do no damage.
The worm is severely wounded.
The white imp barely misses you. The worm barely misses you.
The white imp gestures at you. The puff of frost hits you.
* * * LOW HITPOINT WARNING * * *
You barely miss the worm.
The worm is heavily wounded.
The white imp barely misses you.
You hit the worm.
The worm is severely wounded.
The worm closely misses you. The white imp gestures at you.
The puff of frost hits you.
* * * LOW HITPOINT WARNING * * *
You sock the worm!
You kill the worm!
The white imp completely misses you.
You hit the white imp.
Your tail-slap misses the white imp.
The white imp is heavily wounded.
The white imp hits you but does no damage.
The white imp gestures at you. The puff of frost hits you.
* * * LOW HITPOINT WARNING * * *
You hit the white imp.
The white imp is severely wounded.
The white imp gestures at you. The puff of frost hits you.
You die...

#.####.#...........
#....#.#...........
#..#.#.#...........
#..#.#.#...........
#..#.#.#...........
#..#.#.#...........
#..#.#.#....<......
#..#.#.#...........
#.@#.#.#...........
#.5#.#.#.....†.....
#..#<#.#...........
#..###.............
#..# ###.#.#.#.####
#..# #.#.#...# ....
#.#.##### ....
#.#.# #.#.#


You could see a white imp.

Vanquished Creatures
  2 adders (D:2)
  5 worms
  4 dart slugs
  3 ball pythons
  4 bats
  4 endoplasms
  3 giant cockroaches
  4 goblins
  4 jackals (D:1)
  2 quokkas
  3 frilled lizards
  3 kobolds
  3 rats
44 creatures vanquished.

Notes
Turn   | Place    | Note
-------+----------+-------------------------------------------
     0 | D:1      | arthad the Armataur Warper began the quest for the Orb.
     0 | D:1      | Reached XP level 1. HP: 18/18 MP: 3/3
   166 | D:1      | Reached skill level 1 in Throwing
   174 | D:1      | Reached XP level 2. HP: 9/25 MP: 4/4
   462 | D:1      | Found Inwufy's General Store.
   842 | D:2      | Reached XP level 3. HP: 20/31 MP: 6/6
   946 | D:2      | Learned a level 2 spell: Blink
   949 | D:2      | Learned a level 2 spell: Lesser Beckoning
  1253 | D:2      | Reached XP level 4. HP: 37/39 MP: 7/7
  1683 | D:3      | Killed from afar by a white imp

Illustrated notes

Levels and vault maps discovered:
D:1:      spicycebolla_arrival_risky_transporter, layout_basic, serial_shops,
          nicolae_shop_crystal
D:2:      layout_basic, chequers_serial_rivers_marsh, minmay_pentomino_p4
D:3:      layout_basic

Skill      XL: |  1  2 |
---------------+-------+-----
Throwing       | 1 |  1.3
Maces & Flails | 2 |  2.3
Fighting       | 2 |  2.4
Spellcasting   | 2 |  2.1
Armour         | |  1.9
Dodging        | |  1.9
Translocations | |  3.2

Action                     |  1- 3 |  4- 6 || total
---------------------------+-------+-------++-------
  Melee: Mace              |   100 |    38 ||   138
         Tailslap          |    13 |     3 ||    16
         Punch             |     1 |       ||     1
 Armour: Leather armour    |    45 |    11 ||    56
  Dodge: Dodged            |    50 |    14 ||    64
